 Dungeon Crawl Stone Soup version 0.26.1-12-g5ba1501909 (webtiles) character file.

Game seed: 17380220123790726884

671 belegose the Magician (level 7, -8/36 HPs)
             Began as a Deep Elf Hedge Wizard on Apr 28, 2021.
             Was an Initiate of Sif Muna.
             Killed from afar by an orc wizard (9 damage)
             ... with a magic dart
             ... on level 5 of the Dungeon on Oct 16, 2021.
             The game lasted 00:30:54 (7297 turns).

belegose the Magician (Deep Elf Hedge Wizard)       Turns: 7297, Time: 00:30:56

Health: -8/36      AC:  4    Str: 15    XL:     7   Next: 32%
Magic:  17/17      EV: 14    Int: 19    God:    Sif Muna [......]
Gold:   218        SH:  4    Dex: 14    Spells: 12/17 levels left

rFire    . . .     SeeInvis .   b - +0 falchion
rCold    . . .     Faith    .   k - +0 buckler
rNeg     . . .     Spirit   .   v - +0 robe
rPois    +         Reflect  .   u - +0 helmet
rElec    .         Harm     .   (no cloak)
rCorr    .         Rampage  .   (no gloves)
Will     .....                  s - +0 pair of boots
Stlth    +++.......             r - amulet of regeneration
HPRegen  0.52/turn              i - ring of poison resistance
MPRegen  0.15/turn              l - +6 ring of strength

@: no status effects
A: no striking features
a: Renounce Religion


You were on level 5 of the Dungeon.
You worshipped Sif Muna.
Sif Muna was noncommittal.
You visited 2 branches of the dungeon, and saw 6 of its levels.
You also visited: Ossuary.

You collected 218 gold pieces.

Inventory:

Hand Weapons
 a - a +0 dagger
 b - a +0 falchion (weapon)
Missiles
 d - 120 stones
 m - 3 poisoned darts
Armour
 k - a +0 buckler (worn)
 o - a +0 ring mail
 s - a +0 pair of boots (worn)
 u - a +0 helmet (worn)
 v - a +0 robe (worn)
Jewellery
 i - a ring of poison resistance (left hand)
 l - a +6 ring of strength (right hand)
 r - an amulet of regeneration (around neck)
 w - an uncursed ring of protection from fire
Wands
 y - a wand of flame (14)
 D - a wand of polymorph (9)
Scrolls
 h - 8 scrolls of identify
 j - 2 scrolls of magic mapping {unknown}
 q - 5 scrolls of remove curse
 t - a scroll of noise {unknown}
 z - a scroll of blinking {unknown}
 B - a scroll of brand weapon {unknown}
 C - a scroll of amnesia {unknown}
Potions
 e - 3 potions of mutation {unknown}
 f - a potion of berserk rage {unknown}
 g - 2 potions of magic {unknown}
 n - 2 potions of flight {unknown}
 p - 2 potions of curing {unknown}
 x - a potion of ambrosia {unknown}
 A - a potion of attraction {unknown}


   Skills:
 - Level 4.9 Dodging
 + Level 5.8 Stealth
 + Level 0.9 Shields
 - Level 5.9 Spellcasting
 - Level 3.2 Conjurations
 + Level 2.9 Summonings
 + Level 2.8 Translocations


You had 12 spell levels left.
You knew the following spells:

 Your Spells              Type           Power        Failure   Level
a - Magic Dart            Conj           72%          4%          1
b - Call Imp              Summ           16%          8%          2
c - Blink                 Tloc           N/A          8%          2

Your spell library contained the following spells:

 Spells                   Type           Power        Failure   Level
 Slow                     Hex            5%           26%         2
 Conjure Flame            Conj/Fire      11%          26%         3
 Mephitic Cloud           Conj/Pois/Air  9%           32%         3


Dungeon Overview and Level Annotations

Branches:
Dungeon (5/15)             Temple (1/1) D:4         Ossuary (visited)

Altars:
Ashenzari
Cheibriados
Dithmenos
Elyvilon
Fedhas
Gozag
Hepliaklqana
Kikubaaqudgha
Makhleb
Nemelex Xobeh
Okawaru
Qazlal
Ru
Sif Muna
Trog
Uskayaw
Vehumet
Xom
Yredelemnul
Zin
The Shining One

Shops:
D:4 (


Message History

Unknown command.
Unknown command.
Unknown command.
The orc wizard casts a spell at you. The magic dart hits you.
* * * LOW HITPOINT WARNING * * *
The orc wizard misses you.
The orc wizard gestures at you while chanting.
The magic dart hits you.
* * * LOW HITPOINT WARNING * * *
The orc misses you.
You riposte.
You hit the orc but do no damage.
The orc is heavily wounded.
The orc hits you but does no damage.
The orc wizard hits you with a +0 dagger.
* * * LOW HITPOINT WARNING * * *
The orc wizard misses you.
You riposte.
You hit the orc wizard.
The orc wizard is moderately wounded.
The orc wizard points at you and mumbles some strange words.
The magic dart hits you!
You die...

##..# .#
##..## ..#
####..##
...##..#..#
....#....##
#.......##
##.......#
##......##
#....o@o.#
#....ooo.#
#........#
.......o...#
...........#
#...........
#..........##
####......##


You could see 3 orc wizards and 3 orcs.

Vanquished Creatures
  Edmund (D:4)
  2 phantoms (D:4)
  An orc wizard (D:3)
  2 worker ants
  A big kobold zombie (Ossuary)
  2 mummies
  Robin (D:3)
  3 adders
  A river rat (D:4)
  2 oozes
  An adder skeleton (D:4)
  A worm (D:4)
  2 leopard geckos
  13 orcs
  11 bats
  4 giant cockroaches
  13 goblins
  11 hobgoblins
  7 jackals
  2 quokkas
  2 ball pythons
  6 frilled lizards
  4 hobgoblin zombies (Ossuary)
  A jackal zombie (Ossuary)
  6 kobolds
  11 kobold zombies (Ossuary)
  9 orc zombies (Ossuary)
  10 rats
  2 rat zombies (Ossuary)
132 creatures vanquished.

Vanquished Creatures (collateral kills)
  A phantom (D:4)
  A scorpion (D:4)
  A centaur zombie (Ossuary)
  A hound (D:4)
  An orc priest (D:4)
  A centaur skeleton (D:4)
  A worker ant (D:4)
  A big kobold zombie (Ossuary)
  A mummy (Ossuary)
  2 river rats (D:4)
  An adder zombie (Ossuary)
  An orc (D:4)
  A giant cockroach (D:4)
  A goblin (D:3)
  A goblin zombie (Ossuary)
  A kobold zombie (Ossuary)
  An orc zombie (Ossuary)
  2 rat zombies (Ossuary)
20 creatures vanquished.

Grand Total: 152 creatures vanquished

Notes
Turn   | Place    | Note
-------+----------+-------------------------------------------
     0 | D:1      | belegose the Deep Elf Hedge Wizard began the quest for the
                  | Orb.
     0 | D:1      | Reached XP level 1. HP: 10/10 MP: 7/7
   153 | D:1      | Reached XP level 2. HP: 15/15 MP: 7/9
  1051 | D:1      | Reached XP level 3. HP: 19/19 MP: 11/11
  1873 | D:2      | Reached skill level 5 in Spellcasting
  2281 | D:2      | Reached XP level 4. HP: 24/24 MP: 9/13
  2453 | D:3      | Noticed Robin
  3176 | D:3      | Found a sacrificial altar of Ru.
  3528 | D:3      | Learned a level 2 spell: Call Imp
  3531 | D:3      | Learned a level 2 spell: Blink
  3594 | D:3      | Killed Robin
  4055 | D:3      | Reached XP level 5. HP: 24/28 MP: 1/15
  4119 | D:4      | Noticed Edmund
  4224 | D:4      | Found a staircase to the Ecumenical Temple.
  4233 | Temple   | Entered the Ecumenical Temple
  4237 | D:4      | Found Dealyn's Antique Weapon Emporium.
  4268 | D:4      | Found a sand-covered staircase.
  4290 | Ossuary  | Entered an ossuary
  4997 | Ossuary  | Reached XP level 6. HP: 31/32 MP: 0/16
  5429 | Temple   | Became a worshipper of Sif Muna the Loreminder
  5693 | D:4      | Reached skill level 5 in Stealth
  6233 | D:4      | Reached XP level 7. HP: 29/36 MP: 0/17
  6544 | D:4      | Killed Edmund
  7063 | D:4      | Upgraded the game from 0.26.1-11-gd32895ea62 to
                  | 0.26.1-12-g5ba1501909
  7172 | D:5      | Entered Level 5 of the Dungeon
  7297 | D:5      | HP: 1/36 [orc wizard/+0 dagger (2)]
  7297 | D:5      | Killed from afar by an orc wizard

Illustrated notes

Levels and vault maps discovered:
D:1:      dpeg_arrival_solitude, layout_rooms
D:2:      layout_rooms, minmay_misc_feat_iff
D:3:      layout_loops_corners, grunt_decor_arrowhead,
          kennysheep_decorative_pillar, nicolae_ru_awakened_eye, uniq_robin
D:4:      layout_cave_pools, minmay_temple_entry_arrows, serial_shops, shop,
          gup_ossuary_entry_pyramid, portal_sewer_entry_b, nrook_uturn,
          uniq_edmund
D:5:      layout_cave_pods, nzn_wu_jian_contemplation, okawaru_altar_gauntlet_db
Temple:   grunt_wide_crystal_templ

Skill      XL: |  1  2  3  4  5  6 |
---------------+-------------------+-----
Stealth        | 3 4 5 |  5.8
Dodging        | 3 4 |  4.9
Conjurations   | 2 3 |  3.2
Spellcasting   | 5 |  5.9
Summonings     | 2 |  2.9
Translocations | 2 |  2.8
Shields        | |  0.9

Action                   |  1- 3 |  4- 6 |  7- 9 || total
-------------------------+-------+-------+-------++-------
Melee: Dagger            |    16 |     2 |       ||    18
       Falchion          |       |    22 |    16 ||    38
 Cast: Magic Dart        |   116 |   203 |    18 ||   337
       Call Imp          |       |    43 |    14 ||    57
Evoke: Wand              |       |     8 |     5 ||    13
  Use: Scroll            |       |     2 |       ||     2
 Stab: Sleeping          |     1 |     3 |     1 ||     5
Armor: Robe              |     9 |    12 |    14 ||    35
Dodge: Dodged            |    37 |    46 |    28 ||   111
Block: Buckler           |       |       |     5 ||     5
       Rpst.: Falchion   |       |     8 |    12 ||    20
